 Dungeon Crawl Stone Soup version 0.19-a0-713-g934ebc7 (webtiles) character file.

956 weirdsound the Bolt Thrower (level 7, -2/54 HPs)
             Began as a Mummy Hunter on June 20, 2016.
             Slain by a killer bee (6 damage)
             ... on level 6 of the Dungeon.
             The game lasted 00:25:18 (6228 turns).

weirdsound the Bolt Thrower (Mummy Hunter)          Turns: 6228, Time: 00:25:18

Health: -2/54      AC:  5    Str: 15    XL:     7   Next: 91%
Magic:  7/7        EV:  7    Int: 10    God:
Gold:   424        SH:  0    Dex: 15    Spells: 0 memorised, 6 levels left

rFire  x . .     SeeInvis .     a - +1 hand crossbow
rCold  + . .     Gourm    .     c - +0 leather armour
rNeg   + + +     Faith    .     (no shield)
rPois  ∞         Spirit   .     (no helmet)
rElec  .         Dismiss  .     h - +1 cloak
rCorr  .         Reflect  .     (no gloves)
SustAt +         Harm     .     (no boots)
MR     .....                    (no amulet)
Stlth  ++........               (no ring)
                                g - ring of sustain attributes

@: not resistant to hostile enchantments, unstealthy
A: no food or potions, fire vulnerability, cold resistance 1, negative energy
resistance 3, torment resistance, unbreathing
a: no special abilities


You were on level 6 of the Dungeon.
You were not hungry.

You visited 2 branches of the dungeon, and saw 7 of its levels.
You also visited: Ossuary.

You collected 424 gold pieces.

Inventory:

Hand Weapons
 a - a +1 hand crossbow (weapon)
 j - a +0 spear
 k - a +0 short sword of speed
Missiles
 d - 50 bolts (quivered)
Armour
 c - a +0 leather armour (worn)
 h - a +1 cloak (worn)
Jewellery
 g - a ring of sustain attributes (left hand)
 m - an uncursed amulet of harm
Scrolls
 e - 4 scrolls of enchant armour
 l - a scroll of remove curse
 n - 4 scrolls of identify
Books
 b - a book of the Dragon

   Spells                             Type                      Level
   a - Flame Tongue                   Conjuration/Fire             1
   b - Cause Fear                     Hexes                        4
   c - Bolt of Fire                   Conjuration/Fire             6
   d - Dragon Form                    Transmutation                7
   e - Dragon's Call                  Summoning                    9
 p - a book of Beasts

   Spells                             Type                      Level
   a - Summon Butterflies             Summoning                    1
   b - Call Canine Familiar           Summoning                    3
   c - Summon Ice Beast               Ice/Summoning                4
   d - Summon Mana Viper              Hexes/Summoning              5
   e - Summon Hydra                   Summoning                    7


   Skills:
 - Level 4.0 Fighting
 * Level 7.1 Crossbows
 - Level 0.1 Armour
 - Level 1.5 Dodging
 - Level 3.1 Stealth


You had 6 spell levels left.
You didn't know any spells.

Dungeon Overview and Level Annotations

Branches:
Dungeon (6/15)             Temple (1/1) D:4

Altars:
Ashenzari
Cheibriados
Elyvilon
Fedhas
Hepliaklqana
Kikubaaqudgha
Makhleb
Nemelex Xobeh
Okawaru
Pakellas
Qazlal
Ru
Trog
Uskayaw
Vehumet
Xom
Yredelemnul
The Shining One

Shops:
D:4 =


Innate Abilities, Weirdness & Mutations

You do not eat or drink.
Your flesh is vulnerable to fire.
You are immune to poison.
Your flesh is cold resistant. (rC+)
You are immune to negative energy. (rN+++)
You are immune to unholy pain and torment.
You can survive without breathing.


Message History

The killer bee barely misses you. The giant frog closely misses you.
The killer bee stings you but does no damage.
A giant cockroach comes into view.
The killer bee barely misses you.
The killer bee stings you but does no damage.
The killer bee stings you. The killer bee stings you!
* * * LOW HITPOINT WARNING * * *
The giant frog closely misses you. The killer bee barely misses you.
The killer bee barely misses you. The killer bee misses you.
The killer bee stings you.
* * * LOW HITPOINT WARNING * * *
The killer bee barely misses you. x3
The killer bee stings you but does no damage.
There is a stone staircase leading up here.
The killer bee stings you.
* * * LOW HITPOINT WARNING * * *
The killer bee stings you.
* * * LOW HITPOINT WARNING * * *
The killer bee stings you.
You die...

..'...#..#,,,,,,,,,,,*
..#...#..##########,,*
#.#####...........#***
..................#
..#...............#
..#...............#
..#.............y.#
..#............yy.#
..+.......s....y@.#
********
..#!...........yF.#
*,,,,,,*
..#...............#
*,,,,,,*
..####+###........#
*,,,,,,*
.........#.÷......#
*,,,,,,*
.........#........#
*,,,,,,*
.........#........#
*<,,,,,*
.........'........#
*,,,,,,*
.........#........#
*<,,,,,*


You could see a giant frog (inner flame), 5 killer bees and a giant cockroach
(wandering).

Vanquished Creatures
  Prince Ribbit (D:5)
  A phantom (D:4)
  A necrophage (D:5)
  A giant frog (D:6)
  A hound (D:4)
  2 orc priests (D:5)
  A centaur skeleton (D:4)
  A giant frog skeleton (D:4)
  2 orc wizards
  A big kobold zombie (Ossuary)
  8 mummies (Ossuary)
  6 adders
  5 gnolls
  A shadow imp (D:5)
  An adder skeleton (D:4)
  A worm (D:2)
  3 dart slugs (D:1)
  3 giant geckos
  10 orcs
  2 ball pythons
  8 bats
  A giant cockroach (D:4)
  2 gnoll zombies (Ossuary)
  10 hobgoblins
  5 jackals
  6 kobolds
  A quokka (D:6)
  A giant gecko skeleton (D:4)
  7 giant newts
  5 goblins
  2 hobgoblin zombies (Ossuary)
  2 kobold zombies (Ossuary)
  An orc zombie (Ossuary)
  3 rats
  A spectral orc (D:5)
107 creatures vanquished.

Vanquished Creatures (others)
  A quokka (D:3)
1 creature vanquished.

Grand Total: 108 creatures vanquished

Notes
Turn   | Place    | Note
--------------------------------------------------------------
     0 | D:1      | weirdsound the Mummy Hunter began the quest for the Orb.
     0 | D:1      | Reached XP level 1. HP: 16/16 MP: 1/1
     6 | D:1      | Noticed a five-headed hydra
     6 | D:1      | Noticed a swamp worm
     7 | D:1      | Noticed a wolf
     7 | D:1      | Noticed a black bear
   223 | D:1      | Reached skill level 1 in Stealth
   311 | D:1      | Reached XP level 2. HP: 23/23 MP: 2/2
  1066 | D:1      | Reached XP level 3. HP: 28/28 MP: 3/3
  2003 | D:2      | Reached XP level 4. HP: 35/35 MP: 4/4
  2278 | D:3      | Found a bloodstained altar of Trog.
  2520 | D:3      | Found a white marble altar of Elyvilon.
  3254 | D:4      | Reached XP level 5. HP: 32/42 MP: 5/5
  3265 | D:4      | Noticed a phantom
  3451 | D:4      | Killed a phantom
  3451 | D:4      | Reached skill level 4 in Crossbows
  3495 | D:4      | Reached XP level 6. HP: 41/48 MP: 6/6
  3504 | D:4      | Found Etesur's Jewellery Shop.
  3668 | D:4      | Found a staircase to the Ecumenical Temple.
  3677 | Temple   | Entered the Ecumenical Temple
  4297 | D:5      | Entered Level 5 of the Dungeon
  4471 | D:5      | Reached skill level 5 in Crossbows
  5012 | D:5      | Reached XP level 7. HP: 54/54 MP: 7/7
  5367 | D:5      | Noticed Prince Ribbit
  5373 | D:5      | Killed Prince Ribbit
  5373 | D:5      | Reached skill level 6 in Crossbows
  5669 | D:5      | Found a basalt altar of Yredelemnul.
  5861 | D:6      | Found a sand-covered staircase.
  5866 | Ossuary  | Entered an ossuary
  6024 | Ossuary  | Reached skill level 7 in Crossbows
  6228 | D:6      | Slain by a killer bee

Vault maps used:
D:1:      onia_arrival_zoo_common
D:3:      lemuel_doored_altar, elyvilon_altar_4, first_bread
D:4:      minmay_temple_entry_overgrown, serial_shops,
          nicolae_shop_temple_entry_statues_fountains, minmay_vboxes
D:5:      yredelemnul_forgotten_temple_becter, uniq_prince_ribbit1
D:6:      enter_ossuary_2, fedhas_altar_3, uniq_blork_the_orc
Temple:   eino_wide_crystal_templ_15
Ossuary:  ossuary_tomb_3

Skill      XL: |  1  2  3  4  5  6  7 |
---------------+----------------------+-----
Stealth        | 1 2 3 |  3.1
Fighting       | 3 4 |  4.0
Crossbows      | 4 5 7 |  7.1
Armour         | |  0.1
Dodging        | |  1.5

Action                   |  1- 3 |  4- 6 |  7- 9 || total
-------------------------+-------+-------+-------++-------
Melee: Unarmed           |     6 |       |       ||     6
       Short sword       |    96 |   173 |    98 ||   367
       Spear             |    22 |       |       ||    22
 Fire: Hand crossbow     |    26 |    69 |    55 ||   150
  Use: Scroll            |     5 |     4 |     4 ||    13
 Stab: Sleeping          |     2 |     2 |     1 ||     5
       Distracted        |     1 |       |       ||     1
Armor: Leather armour    |    40 |    33 |    21 ||    94
Dodge: Dodged            |    69 |    83 |    71 ||   223
